 Dungeon Crawl Stone Soup version 0.30-a0-6-g7c9e10e132 (webtiles) character file.

Game seed: 15193451030260380053

1152 siradein the Ruffian (level 8, 0/79 HPs)
             Began as a Troll Fighter on Aug 22, 2022.
             Was an Initiate of Yredelemnul.
             Slain by an ice beast (12 damage)
             ... on level 6 of the Dungeon.
             The game lasted 00:09:26 (4341 turns).

siradein the Ruffian (Troll Fighter)                Turns: 4341, Time: 00:09:27

Health: 0/79       AC: -11   Str: 27    XL:     8   Next: 16%
Magic:  9/9        EV:  8    Int:  4    God:    Yredelemnul [......]
Gold:   362        SH:  8    Dex:  9    Spells: 7/7 levels left

rFire   . . .      SeeInvis .      - Unarmed
rCold   . . .      Faith    +    b - +0 kite shield
rNeg    . . .      Spirit   .    a - +0 robe
rPois   +          Reflect  .    (helmet restricted)
rElec   .          Harm     .    F - +0 cloak
rCorr   .          Rampage  .    (gloves unavailable)
Will    .....                    (boots unavailable)
Stlth   +.........               v - amulet of faith
HPRegen 1.03/turn                p - ring of poison resistance
MPRegen 0.11/turn                (no ring)

@: corroded
A: large, unfitting armour, claws 3, regeneration 1, shaggy fur 1, tough skin 1,
subdued magic 1, MP-powered wands
a: Renounce Religion, Recall Undead Harvest


You were on level 6 of the Dungeon.
You worshipped Yredelemnul.
Yredelemnul was noncommittal.
You visited 2 branches of the dungeon, and saw 7 of its levels.
You also visited: Sewer.

You collected 362 gold pieces.

Inventory:

Missiles
 g - 4 silver javelins
 k - 34 stones (quivered)
 o - 14 boomerangs
 y - 2 throwing nets
Armour
 a - a +0 robe (worn)
 b - a +0 kite shield (worn)
 F - a +0 cloak (worn)
Jewellery
 p - a ring of poison resistance (left claw)
 v - an amulet of faith (around neck)
 E - an amulet of the acrobat
Wands
 h - a wand of quicksilver (6)
 r - a wand of charming (4)
 w - a wand of roots (9)
Scrolls
 e - a scroll of noise {unknown}
 f - 3 scrolls of teleportation
 i - a scroll of brand weapon {unknown}
 j - 2 scrolls of blinking {unknown}
 q - a scroll of enchant weapon {unknown}
 A - a scroll of enchant armour {unknown}
 C - a scroll of fear {unknown}
 D - 2 scrolls of torment {unknown}
Potions
 c - a potion of might
 d - 3 potions of curing
 l - 3 potions of haste
 m - a potion of attraction {unknown}
 n - 3 potions of flight {unknown}
 s - 3 potions of heal wounds
 t - a potion of mutation
 x - a potion of magic {unknown}
 z - 2 potions of berserk rage
 B - 2 potions of brilliance {unknown}


   Skills:
 + Level 4.5 Fighting
 + Level 3.7 Throwing
 - Level 2.4 Dodging
 + Level 4.8 Shields
 + Level 5.0 Unarmed Combat
 + Level 2.9 Invocations


You had 7 spell levels left.
You didn't know any spells.
Your spell library contained the following spells:

 Spells                   Type           Power      Damage    Failure   Level
 Necrotise                Necr           0%         1d4       73%         1
 Vampiric Draining        Necr           0%         2d6       98%         3
 Petrify                  Tmut/Erth      0%         N/A       100%        4
 Agony                    Necr           0%         N/A       100%        5
 Metabolic Englaciation   Hex/Ice        0%         N/A       100%        5
 Conjure Ball Lightning   Conj/Air       0%         3x3d6     100%        6
 Statue Form              Tmut/Erth      0%         N/A       100%        6
 Discord                  Hex            0%         N/A       100%        8
 Disjunction              Tloc           0%         N/A       100%        8


Dungeon Overview and Level Annotations

Branches:
Dungeon (6/15)             Temple (1/1) D:5           Sewer (visited)

Altars:
Ashenzari
Cheibriados
Elyvilon
Fedhas
Gozag
Hepliaklqana
Kikubaaqudgha
Nemelex Xobeh
Okawaru
Ru
Sif Muna
Uskayaw
Vehumet
Xom
Yredelemnul
The Shining One


Innate Abilities, Weirdness & Mutations

You are too large for most types of armour.
You have claws for hands.
Your natural rate of healing is unusually fast.
You are covered in fur. (AC +1)
You have tough skin. (AC +1)
Your spells are a little easier to cast, but a little less powerful.
You expend magic power (3 MP) to strengthen your wands.


Message History

The ice beast freezes your gnoll zombie.
Your gnoll zombie resists.
Your jelly zombie barely misses the ice beast.
The ice beast hits your gnoll zombie.
The ice beast freezes your gnoll zombie.
Your gnoll zombie resists.
Your gnoll zombie is destroyed!
Your jelly zombie barely misses the ice beast.
The ice beast hits your jelly zombie.
The ice beast freezes your jelly zombie.
Your jelly zombie resists.
The ice beast hits your jelly zombie.
The ice beast freezes your jelly zombie.
Your jelly zombie resists.
Your jelly zombie hits the ice beast but does no damage.
The ice beast hits your jelly zombie.
The ice beast freezes your jelly zombie.
Your jelly zombie resists.
Your jelly zombie hits the ice beast.
The ice beast hits your jelly zombie.
The ice beast freezes your jelly zombie.
Your jelly zombie resists.
Your jelly zombie hits the ice beast.
The ice beast hits your jelly zombie.
The ice beast freezes your jelly zombie.
Your jelly zombie resists.
Your jelly zombie hits the ice beast but does no damage.
You closely miss the ice beast.
The ice beast is severely wounded.
The ice beast hits you.
* * * LOW HITPOINT WARNING * * *
The ice beast freezes you!
* * * LOW HITPOINT WARNING * * *
You closely miss the ice beast.
The ice beast is severely wounded.
The ice beast hits you.
* * * LOW HITPOINT WARNING * * *
The ice beast freezes you!
You die...
Your body rises from the dead as a mindless zombie.

#.#########+#
#...# #.#
#...# ..#
#...# ###
#...# # #
#...#
#.####'###
..<.......#
..........#
........@.#
.#.#..#.YZ# #
####...#
....# #....#
#....# #(...#
#....#


You could see an ice beast (ally target) and a friendly jelly zombie.

Vanquished Creatures
  Eustachio (D:5)
  2 centaurs
  A scorpion (D:5)
  3 necrophages (D:5)
  2 hounds
  An orc priest (D:3)
  2 iguanas
  Ijyb (D:3)
  3 orc wizards
  7 gnolls
  5 adders
  A river rat (Sewer)
  A dart slug (D:2)
  12 orcs
  6 ball pythons
  5 endoplasms
  2 giant cockroaches (D:1)
  5 goblins
  4 hobgoblins
  2 jackals (D:4)
  A kobold (D:2)
  3 quokkas
  3 bats
  3 frilled lizards
  9 rats
85 creatures vanquished.

Vanquished Creatures (collateral kills)
  A gnoll sergeant (D:5)
  A jelly (D:6)
  Crazy Yiuf (D:5)
  A hell rat (Sewer)
  An adder (D:6)
  3 gnolls (D:5)
  An orc (D:5)
  A giant cockroach (D:6)
10 creatures vanquished.

Vanquished Creatures (others)
  A centaur zombie (D:5)
  4 gnoll zombies
  An orc zombie (D:5)
  2 fungi (D:5)
  A plant (D:5)
9 creatures vanquished.

Grand Total: 104 creatures vanquished

Notes
Turn   | Place    | Note
-------+----------+-------------------------------------------
     0 | D:1      | siradein the Troll Fighter began the quest for the Orb.
     0 | D:1      | Reached XP level 1. HP: 22/22 MP: 0/0
   306 | D:1      | Reached XP level 2. HP: 28/29 MP: 1/1
  1085 | D:2      | Found a faded altar of an unknown god.
  1354 | D:2      | Reached XP level 3. HP: 20/36 MP: 2/2
  1458 | D:2      | Reached skill level 1 in Throwing
  1666 | D:3      | Noticed Ijyb
  1675 | D:3      | Killed Ijyb
  1676 | D:3      | Reached skill level 3 in Unarmed Combat
  1676 | D:3      | Reached XP level 4. HP: 38/45 MP: 3/3
  1980 | D:3      | Found a sparkling altar of Nemelex Xobeh.
  2036 | D:3      | Identified the +10 mace of Keint {holy, *Slow +Blink rElec}
  2354 | D:4      | Reached XP level 5. HP: 52/53 MP: 4/4
  2751 | D:5      | Entered Level 5 of the Dungeon
  2754 | D:5      | Found a staircase to the Ecumenical Temple.
  2770 | Temple   | Entered the Ecumenical Temple
  2999 | Temple   | Became a worshipper of Yredelemnul the Dark
  3088 | D:5      | Noticed Eustachio
  3113 | D:5      | Killed Eustachio
  3114 | D:5      | Reached skill level 1 in Invocations
  3114 | D:5      | Reached XP level 6. HP: 40/62 MP: 5/5
  3123 | D:5      | Reached * piety under Yredelemnul
  3124 | D:5      | Reached skill level 4 in Unarmed Combat
  3262 | D:5      | Reached ** piety under Yredelemnul
  3263 | D:5      | Reached XP level 7. HP: 40/68 MP: 7/7
  3481 | D:5      | HP: 3/70 [something (2)]
  3737 | D:5      | Found a runed translucent door.
  3738 | D:5      | Noticed Crazy Yiuf
  3965 | D:5      | Killed Crazy Yiuf
  4032 | D:5      | Gained mutation: You are clumsy. (Dex -2) [potion of
                  | mutation]
  4033 | D:5      | Lost mutation: You are clumsy. (Dex -2) [potion of
                  | mutation]
  4033 | D:5      | Gained mutation: Your spells are a little easier to cast,
                  | but a little less powerful. [potion of mutation]
  4033 | D:5      | Gained mutation: You expend magic power (3 MP) to
                  | strengthen your wands. [potion of mutation]
  4082 | D:6      | Found a glowing drain.
  4100 | D:6      | Reached XP level 8. HP: 79/79 MP: 9/9
  4115 | Sewer    | Entered a sewer
  4325 | D:6      | Reached skill level 5 in Unarmed Combat
  4341 | D:6      | Slain by an ice beast

Illustrated notes

Levels and vault maps discovered:
D:1:      dpeg_arrival_stonehenge_8_columns, layout_basic
D:2:      layout_basic, hellmonk_ecumenical_altar_inner_sanctum
D:3:      layout_basic, mainiacjoe_overflow_cross_hatched, uniq_ijyb
D:4:      layout_rooms
D:5:      layout_basic, minmay_temple_entry_gardened_gates,
          uniq_crazy_yiuf_cottage, uniq_eustachio
D:6:      layout_gridville, mainiacjoe_overflow_divided_tiny,
          gup_sewer_entry_glass
Temple:   regret_index_temple_generic_petals

Skill      XL: |  1  2  3  4  5  6  7  8 |
---------------+-------------------------+-----
Shields        | 3 4 |  4.8
Fighting       | 3 4 |  4.5
Throwing       | 1 2 3 |  3.7
Unarmed Combat | 3 4 5 |  5.0
Invocations    | 1 2 |  2.9
Dodging        | |  2.4

Action                   |  1- 3 |  4- 6 |  7- 9 || total
-------------------------+-------+-------+-------++-------
Melee: Unarmed           |    87 |   116 |    93 ||   296
Throw: Stone             |     5 |       |       ||     5
Invok: Dark Bargain      |       |       |     1 ||     1
  Use: Scroll            |       |       |     7 ||     7
       Potion            |       |       |     2 ||     2
 Stab: Sleeping          |       |       |     1 ||     1
Armor: Robe              |    35 |    39 |    18 ||    92
Dodge: Dodged            |    33 |    23 |    28 ||    84
Block: Kite shield       |    32 |    31 |    30 ||    93

Table legend: (Time is in decaauts)
 A = Elapsed time spent in this place.
 B = Non-inter-level travel time spent in this place.
 C = Inter-level travel time spent in this place.
 D = Time resting spent in this place.
 E = Time spent auto-exploring this place.
 F = Levels seen in this place.
 G = Mean time per level.
                   A        B        C        D        E       F      G
               +--------+--------+--------+--------+--------+-----+--------+
         Total |   4576 |   4321 |    255 |     24 |   3440 |   8 |  572.0 |
       Dungeon |   4201 |   3986 |    215 |     24 |   3170 |   6 |  700.2 |
        Temple |    260 |    220 |     40 |      0 |    205 |   1 |  260.0 |
         Sewer |    114 |    114 |      0 |      0 |     64 |   1 |  114.0 |
               +--------+--------+--------+--------+--------+-----+--------+

Top non-repeatable levels by time:
     D:5: 1223 daAuts
     D:2: 852 daAuts
     D:3: 822 daAuts
     D:1: 679 daAuts
     D:4: 410 daAuts
  Temple: 260 daAuts
     D:6: 213 daAuts
   Sewer: 114 daAuts
